 Dungeon Crawl Stone Soup version 0.30-a0-718-geaa24f58ff (webtiles) character file.

Game seed: 9298481870763226086

1071 Laraso the Magician (level 8, -1/56 HPs)
             Began as a Djinni Conjurer on Jan 25, 2023.
             Was a Follower of Makhleb.
             Slain by Maggie
             ... wielding a +2 morningstar of flaming
              (9 damage)
             ... on level 6 of the Dungeon.
             The game lasted 00:06:20 (4997 turns).

Laraso the Magician (Djinni Conjurer)               Turns: 4997, Time: 00:06:20

Health: -1/56      AC:  4    Str:  6    XL:     8   Next: 53%
Gold:   313        EV: 13    Int: 21    God:    Makhleb [*.....] SH:  0 Dex: 13

rFire   + + .      SeeInvis .    a - +1 dagger (venom)
rCold   x . .      Faith    .    (no shield)
rNeg    . . .      Spirit   .    w - +0 robe
rPois   ∞          Reflect  .    g - +0 helmet
rElec   .          Harm     .    (no cloak)
rCorr   .          Rampage  .    k - +0 pair of gloves
Will    .....                    (boots unavailable)
Stlth   ++                       (no amulet)
HPRegen 0.29/turn                (no ring)
MPRegen 0.00/turn                (no ring)

@: flying, mesmerised, very slightly contaminated, slowed, very slow
A: sickness immunity, fire resistance 2, cold vulnerability 1, float, innate
caster, HP casting, extra vitality 1
a: Renounce Religion


You were on level 6 of the Dungeon.
You worshipped Makhleb.
Makhleb was aware of your devotion.
You visited 1 branch of the dungeon, and saw 6 of its levels.

You collected 313 gold pieces.

Inventory:

Hand Weapons
 a - a +1 dagger of venom (weapon)
Missiles
 n - a throwing net
Armour
 g - a +0 helmet (worn)
 k - a +0 pair of gloves (worn)
 w - a +0 robe (worn)
Magical Staves
 t - a staff of air
Wands
 l - a wand of paralysis (25)
 y - a wand of flame (18)
 B - a wand of iceblast (7)
Scrolls
 c - 2 scrolls of fog
 h - 3 scrolls of blinking
 r - a scroll of magic mapping
 v - a scroll of teleportation
 z - 2 scrolls of enchant weapon {unknown}
 A - a scroll of identify
Potions
 b - 3 potions of magic
 d - a potion of invisibility {unknown}
 e - a potion of berserk rage {unknown}
 f - 4 potions of attraction
 i - 4 potions of haste
 j - a potion of mutation {unknown}
 m - a potion of might {unknown}
 o - a potion of curing {unknown}
 p - a potion of experience {unknown}
 q - a potion of resistance {unknown}
 s - 2 potions of lignification {unknown}
 u - a potion of ambrosia {unknown}
 x - a potion of cancellation {unknown}


   Skills:
 - Level 3.0 Fighting
 - Level 1.0 Armour
 - Level 4.0 Dodging
 - Level 1.5 Stealth
 - Level 7.0 Spellcasting
 * Level 1.6 Invocations


You had 2 spell levels left.
You knew the following spells:

 Your Spells              Type           Power      Damage    Failure   Level
a - Magic Dart            Conj           100%       1d8       1%          1
b - Searing Ray           Conj           72%        2d7       1%          2
c - Dazzling Flash        Conj/Hex       72%        N/A       1%          3
d - Fulminant Prism       Conj/Hex       18%        3d10      4%          4
e - Iskenderun's Mystic   Conj/Tloc      36%        2d9       4%          4
f - Necrotise             Necr           100%       1d9       1%          1
g - Passwall              Tmut/Erth      30%        N/A       1%          2
h - Scorch                Fire           72%        2d8       1%          2
Your spell library was empty.

Dungeon Overview and Level Annotations

Branches:
Dungeon (6/15)
 Temple: D:4-7

Altars:
Gozag
Makhleb
Nemelex Xobeh
Wu Jian

Annotations:
D:6 Maggie


Innate Abilities, Weirdness & Mutations

You are immune to sickness and miasma.
You are immune to poison.
Your flesh is very heat resistant. (rF++)
You are vulnerable to cold. (rC-)
You float through the air rather than walking.
You learn spells naturally, not from books.
Your magical power is your life essence.
You have superior vitality. (+4 MHP)


Message History

Maggie is moderately wounded.
Maggie closely misses you.
Your fulminant prism explodes!
The blast of energy engulfs Maggie!!
Maggie is severely wounded.
You hear a shout! x3; You hear a loud, deep croak!
You hear an angry hiss.
You hear a shout!
The searing ray misses Maggie.
Maggie closely misses you.
The searing ray hits Maggie.
Maggie is severely wounded.
You finish channelling your searing ray.
Maggie hits you with a +2 morningstar of flaming.
A hound comes into view.
Casting: Searing Ray (safe; 1% risk of failure)
Confirm with . or Enter, or press ? or * to list all spells.
Aiming: Fulminant Prism (dangerous; 4% risk of failure)
Press: ? - help, Dir - move target, p - Maggie You miscast Fulminant Prism.
You are very lightly contaminated with residual magic.
Multicoloured lights dance before your eyes.
You feel yourself slow down.
Maggie hits you with a +2 morningstar of flaming!!
Maggie burns you.
Casting: Fulminant Prism (dangerous; 4% risk of failure)
Confirm with . or Enter, or press ? or * to list all spells.
Aiming: Searing Ray (safe; 1% risk of failure)
Press: ? - help, Shift-Dir - straight line, f - Maggie
Aim: Maggie, wielding a +2 morningstar of flaming and wearing +0 swamp dragon scales (severely wounded, mesmerising, 83% to hit)
The searing ray hits Maggie!
Maggie is almost dead. (Press . to maintain the ray.)
The hound closely misses you.
Maggie hits you with a +2 morningstar of flaming.
* * * LOW HITPOINT WARNING * * *
Maggie burns you.
* * * LOW HITPOINT WARNING * * *
The hound bites you.
* * * LOW HITPOINT WARNING * * *
Maggie hits you with a +2 morningstar of flaming!
You die...

...........#...#
......>........# .
.......<..##...# ..
..........##...# ...
..........##...####
......................#
.....#########........#
#..........###........#
#...@@.............# .
.......h######........#
#.. ......#..
#....)...#
..........##.#
#........# ...)####.#
.# #........#
.#.)).##.###.#
###..#####
....)...)..#.# #.##
#.........#.# #.#
##.#...<....###


You could see Maggie (mesmerising) and a hound.

Vanquished Creatures
  2 ogres
  A phantom (D:5)
  A kobold brigand (D:6)
  2 necrophages
  A gnoll sergeant (D:5)
  A scorpion (D:4)
  A howler monkey (D:5)
  2 hounds
  A jelly (D:4)
  2 orc priests (D:5)
  An iguana (D:5)
  Jessica (D:3)
  3 orc wizards
  4 gnolls (D:5)
  4 adders
  A white imp (D:5)
  An ufetubus (D:5)
  3 worms
  2 dart slugs
  20 orcs
  4 endoplasms
  4 giant cockroaches
  5 hobgoblins
  8 quokkas
  6 ball pythons
  4 bats
  3 frilled lizards
  9 goblins
  7 kobolds
  3 rats
107 creatures vanquished.

Vanquished Creatures (others)
  7 fulminant prisms
  A plant (D:1)
8 creatures vanquished.

Grand Total: 115 creatures vanquished

Notes
Turn   | Place    | Note
-------+----------+-------------------------------------------
     0 | D:1      | Laraso the Djinni Conjurer began the quest for the Orb.
     0 | D:1      | Laraso set off with the following spells memorised: Magic
                  | Dart, Searing Ray, Dazzling Flash, Fulminant Prism,
                  | Iskenderun's Mystic Blast.
     0 | D:1      | Reached XP level 1. HP: 15/15 MP: 0/0
   162 | D:1      | Reached XP level 2. HP: 20/21 MP: 0/0
   402 | D:1      | Reached XP level 3. HP: 23/25 MP: 0/0
   402 | D:1      | Learned a level 1 spell: Necrotise
  1200 | D:2      | You are sucked into a shaft and drop 1 floor!
  1291 | D:2      | Reached skill level 4 in Spellcasting
  1898 | D:3      | Noticed Jessica
  1903 | D:3      | Killed Jessica
  1904 | D:3      | Reached skill level 1 in Armour
  1904 | D:3      | Reached XP level 4. HP: 27/31 MP: 0/0
  2063 | D:3      | Found an ornate altar of the Wu Jian Council.
  2303 | D:3      | Identified the +1 chain mail of Heoneb {rElec MP+9 Dex-4
                  | SInv}
  2442 | D:3      | Found a burning altar of Makhleb.
  2518 | D:3      | Reached skill level 1 in Fighting
  2518 | D:3      | Reached XP level 5. HP: 24/37 MP: 0/0
  2518 | D:3      | Learned a level 2 spell: Passwall
  2575 | D:3      | Became a worshipper of Makhleb the Destroyer
  3270 | D:4      | Noticed an ogre
  3282 | D:4      | Killed an ogre
  3283 | D:4      | Reached XP level 6. HP: 33/46 MP: 0/0
  3412 | D:4      | Reached * piety under Makhleb
  3512 | D:4      | Reached XP level 7. HP: 44/50 MP: 0/0
  3512 | D:4      | Learned a level 2 spell: Scorch
  3634 | D:5      | Entered Level 5 of the Dungeon
  3644 | D:5      | Reached skill level 5 in Spellcasting
  4162 | D:5      | Reached skill level 6 in Spellcasting
  4231 | D:5      | Reached XP level 8. HP: 55/56 MP: 0/0
  4473 | D:5      | Found an opulent altar of Gozag.
  4474 | D:5      | Found a sparkling altar of Nemelex Xobeh.
  4888 | D:6      | Reached skill level 7 in Spellcasting
  4893 | D:6      | Reached skill level 1 in Invocations
  4987 | D:6      | Noticed Maggie
  4997 | D:6      | Slain by Maggie

Illustrated notes

Levels and vault maps discovered:
D:1:      psy_arrival_statuary, layout_basic, serial_forest,
          infiniplex_forest_straight_3, infiniplex_forest_straight_4,
          infiniplex_forest_straight_4, infiniplex_forest_lined_ring,
          infiniplex_forest_clump_diagonal, infiniplex_forest_lined_3,
          infiniplex_forest_pool
D:2:      layout_loops_ring
D:3:      layout_loops_ring, nicolae_overflow_crystal_walls,
          mainiacjoe_overflow_six_doors_small, lightli_temple_of_fire,
          uniq_jessica
D:4:      layout_rooms
D:5:      layout_basic, grunt_temple_overflow_opulence
D:6:      layout_rooms, mainiacjoe_overflow_surrounded_room, serial_shops, shop,
          nrook_uturn, uniq_maggie

Skill      XL: |  1  2  3  4  5  6  7  8 |
---------------+-------------------------+-----
Spellcasting   | 4 6 7 |  7.0
Armour         | 1 |  1.0
Dodging        | 3 4 |  4.0
Fighting       | 1 3 |  3.0
Invocations    | 1 |  1.6
Stealth        | |  1.5

Action                     |  1- 3 |  4- 6 |  7- 9 || total
---------------------------+-------+-------+-------++-------
  Melee: Dagger            |       |       |     7 ||     7
   Cast: Magic Dart        |    54 |    52 |    35 ||   141
         Searing Ray       |     4 |    26 |    15 ||    45
         Iskenderun's Myst |       |       |     4 ||     4
         Fulminant Prism   |       |       |     7 ||     7
         Necrotise         |       |       |     1 ||     1
    Use: Scroll            |    11 |       |     1 ||    12
 Armour: Robe              |       |     1 |       ||     1
  Dodge: Dodged            |     6 |     6 |    26 ||    38

Table legend: (Time is in decaauts)
 A = Elapsed time spent in this place.
 B = Non-inter-level travel time spent in this place.
 C = Inter-level travel time spent in this place.
 D = Time resting spent in this place.
 E = Time spent auto-exploring this place.
 F = Levels seen in this place.
 G = Mean time per level.
                   A        B        C        D        E       F      G
               +--------+--------+--------+--------+--------+-----+--------+
         Total |   4998 |   4765 |    233 |    703 |   3506 |   6 |  833.0 |
       Dungeon |   4998 |   4765 |    233 |    703 |   3506 |   6 |  833.0 |
               +--------+--------+--------+--------+--------+-----+--------+

Top non-repeatable levels by time:
     D:1: 1088 daAuts
     D:5: 1067 daAuts
     D:3: 1044 daAuts
     D:4: 971 daAuts
     D:2: 768 daAuts
     D:6: 57 daAuts
